 Dungeon Crawl Stone Soup version 0.28.0-43-g3370ac3207 (webtiles) character file.

Game seed: 170796493867419201

41092 boopmooplesden the Severer (level 13, -2/122 HPs)
             Began as a Minotaur Fighter on Mar 23, 2022.
             Was a Priest of Trog.
             Slain by a cane toad (12 damage)
             ... on level 1 of the Lair of Beasts.
             The game lasted 00:24:08 (16198 turns).

boopmooplesden the Severer (Minotaur Fighter)      Turns: 16198, Time: 00:24:09

Health: -2/122     AC: 22    Str: 24    XL:     13   Next: 78%
Magic:  12/12      EV:  8    Int:  5    God:    Trog [***...]
Gold:   1033       SH: 17    Dex: 12    Spells: 12/12 levels left

rFire   + . .      SeeInvis .   M - +6 spear of the Jumping Augurer {freeze, Stlth+}
rCold   + . .      Faith    .   B - +0 kite shield
rNeg    . . .      Spirit   .   d - +1 plate armour
rPois   .          Reflect  +   (helmet restricted)
rElec   .          Harm     .   p - +0 cloak
rCorr   .          Rampage  .   o - +0 pair of gloves
Will    +....                   w - +0 pair of boots "Avyiwe" {*Slow Will+ Regen+}
Stlth   ..........              v - amulet of reflection
HPRegen 1.10/turn               h - ring of protection from fire
MPRegen 0.13/turn               m - ring of protection from cold

@: lethally poisoned (-2 -> -5), on berserk cooldown, slowed, very slow
A: horns 2, retaliatory headbutt
a: Renounce Religion, Berserk, Trog's Hand


You were on level 1 of the Lair of Beasts.
You worshipped Trog.
Trog was most pleased with you.
You visited 3 branches of the dungeon, and saw 16 of its levels.
You also visited: Sewer.

You collected 1033 gold pieces.

Inventory:

Hand Weapons
 a - a +2 war axe
 A - a +4 war axe
 C - the +7 dagger of Gozag's Supremacy {antimagic, +Blink Str+4 Dex-5}
   (You found it on level 9 of the Dungeon)

   It reduces the magical energy of the wielder, and disrupts the spells and
   magical abilities of those it strikes.
   Natural abilities and divine invocations are not affected.
   Str:       It affects your strength (+4).
   Dex:       It affects your dexterity (-5).
   +Blink:    It lets you blink.
 D - the +10 quick blade of Conflict {flame, *Corrode Str+5 Int-3 Dex+3}
   (You found it on level 9 of the Dungeon)

   It burns those it strikes, dealing additional fire damage.
   Str:       It affects your strength (+5).
   Int:       It affects your intelligence (-3).
   Dex:       It affects your dexterity (+3).
   *Corrode:  It may corrode you when you take damage.
 E - a +6 scimitar of flaming
 M - the +6 spear of the Jumping Augurer (weapon) {freeze, Stlth+}
   (You took it off a spriggan on level 11 of the Dungeon)

   It freezes those it strikes, dealing additional cold damage.
   It can also slow down cold-blooded creatures.
   Stlth:     It makes you more stealthy.
Missiles
 R - 5 silver javelins (quivered)
Armour
 b - a +0 scale mail
 c - a +0 buckler
 d - a +1 plate armour (worn)
 o - a +0 pair of gloves (worn)
 p - a +0 cloak (worn)
 w - the +0 pair of boots "Avyiwe" (worn) {*Slow Will+ Regen+}
   (You found it on level 7 of the Dungeon)

   Regen:     It increases your rate of health regeneration.
   *Slow:     It may slow you when you take damage.
   Will:      It increases your willpower.
 B - a +0 kite shield (worn)
 F - the +3 leather armour of the Flute {Str+3}
   (You found it on level 9 of the Dungeon)

   Str:       It affects your strength (+3).
Jewellery
 h - a ring of protection from fire (left hand)
 m - a ring of protection from cold (right hand)
 s - a ring of flight
 v - an amulet of reflection (around neck)
 x - a ring of magical power
 I - a ring of fire
Wands
 k - a wand of flame (24)
 r - a wand of mindburst (17)
 u - a wand of polymorph (13)
 L - a wand of paralysis (10)
 N - a wand of iceblast (2)
 P - a wand of acid (5)
Scrolls
 g - 7 scrolls of teleportation
 i - 4 scrolls of fog
 j - 7 scrolls of identify
 y - 2 scrolls of magic mapping
 Q - a scroll of enchant armour
 S - a scroll of holy word
 T - a scroll of blinking
Potions
 e - a potion of attraction {unknown}
 f - 3 potions of resistance
 l - 4 potions of flight
 n - 4 potions of lignification
 q - 3 potions of brilliance {unknown}
 t - 8 potions of curing
 z - 2 potions of degeneration {unknown}
 H - 2 potions of might
 J - a potion of magic {unknown}
 K - a potion of haste {unknown}
 O - 2 potions of heal wounds {unknown}
Miscellaneous
 G - a condenser vane (inert)


   Skills:
 + Level 13.1 Fighting
 + Level 0.1 Short Blades
 + Level 17.4(17.6) Axes
 + Level 4.4(12.2) Polearms
 + Level 13.8 Armour
 + Level 3.7 Dodging
 + Level 2.5 Stealth
 + Level 12.5 Shields


You had 12 spell levels left.
You didn't know any spells.
Your spell library contained the following spells:

 Spells                   Type           Power      Damage    Failure   Level
 Magic Dart               Conj           0%         1d3       100%        1
 Searing Ray              Conj           0%         2d4       100%        2
 Call Canine Familiar     Summ           0%         N/A       100%        3
 Portal Projectile        Hex/Tloc       0%         N/A       100%        3
 Fulminant Prism          Conj/Hex       0%         3d6       100%        4
 Leda's Liquefaction      Hex/Erth       0%         N/A       100%        4
 Summon Lightning Spire   Summ/Air       0%         N/A       100%        4
 Storm Form               Tmut/Air       0%         N/A       100%        7
 Maxwell's Capacitive Co  Air            0%         ∞         100%        8


Dungeon Overview and Level Annotations

Branches:
Dungeon (14/15)            Temple (1/1) D:4            Lair (1/6) D:8
    Orc (0/2) D:10         Vaults (0/5) D:13          Sewer (visited)

Altars:
Ashenzari
Elyvilon
Fedhas
Hepliaklqana
Okawaru
Qazlal
Trog
Uskayaw
Wu Jian
The Shining One

Shops:
D:7 (   D:12 [

Annotations:
D:7 2 runed translucent doors, JJisdabomb's ghost, novice TrFi


Innate Abilities, Weirdness & Mutations

You have a pair of horns on your head.
You reflexively headbutt those who attack you in melee.


Message History

The cane toad stings you.
* * * LOW HITPOINT WARNING * * *
The killer bee stings you but does no damage.
You block the killer bee's attack. The killer bee stings you.
* * * LOW HITPOINT WARNING * * *
The cane toad stings you but does no damage.
Your two-headed ogre goes berserk!
You can no longer call in reinforcements.
You block the killer bee's attack.
The killer bee stings you but does no damage. x2
The killer bee stings you.
* * * LOW HITPOINT WARNING * * *
You are poisoned.
The killer bee poisons you! You block the killer bee's attack.
The killer bee barely misses you.
The killer bee stings you but does no damage.
You block the cane toad's attack.
The killer bee stings you but does no damage.
The killer bee stings you!
* * * LOW HITPOINT WARNING * * *
You are more poisoned.
The killer bee poisons you!
Okay, then.
Unknown command.
You completely miss the killer bee. Your headbutt misses the killer bee.
The killer bee is almost dead.
You feel very sick. You block the killer bee's attack. x2
The killer bee stings you but does no damage.
You block the cane toad's attack. The killer bee misses you.
You furiously retaliate!
You headbutt the killer bee.
Your two-headed ogre barely misses the killer bee.
Your two-headed ogre closely misses the killer bee.
The killer bee barely misses you. You furiously retaliate!
You headbutt the killer bee!
You kill the killer bee!
Trog accepts your kill.
The killer bee stings you but does no damage.
The cane toad stings you!
You die...

.#..... #...... #......##
##......# #.......#
#.......# ........#####
#######...
...../$†y##.#####.##..#...
........y@#..##...........
.......OFy#...............
..........................
..........................
.....##P......)...........
..... ###..###............
#.... #.## ####....#...#
#. ### ####.##### ###


You could see a cane toad, 3 killer bees and a friendly two-headed ogre
(summoned, berserk).

Vanquished Creatures
  A fire giant (D:13)
  Nessos (D:14)
  3 vault guards (D:13)
  The ghost of boopmooplesden the Carver, a journeyman MiBe of Trog (D:11)
  2 boulder beetles
  3 hydras (D:14)
  6 centaur warriors
  A catoblepas (D:13)
  2 tengu warriors (D:13)
  4 two-headed ogres
  5 skeletal warriors
  4 wizards
  Pikel (D:8)
  A necromancer (D:13)
  2 ugly things
  3 manticores
  A cyclops (D:13)
  12 slime creatures
  A gargoyle (D:11)
  A cane toad (Lair:1)
  A water nymph (shapeshifter) (D:13)
  A komodo dragon (Lair:1)
  A polar bear (D:11)
  A queen bee (Lair:1)
  3 trolls
  Grinder (D:3)
  2 hornets
  Prince Ribbit (D:6)
  Sigmund (D:3)
  4 spriggans (D:11)
  10 yaks
  2 wyverns (D:9)
  18 humans (D:13)
  A basilisk (D:14)
  3 steam dragons
  3 vampire mosquitoes
  Grum (D:9)
  3 wargs (D:10)
  Menkaure (D:6)
  2 acid dragons (D:13)
  3 water moccasins
  5 orc warriors
  An ice beast (D:5)
  3 black bears
  A sky beast (D:6)
  3 ogres
  A necrophage (D:7)
  3 wolves (D:9)
  7 centaurs
  2 kobold brigands
  5 bullfrogs
  3 gnoll sergeants
  5 scorpions
  A wyvern zombie (D:6)
  21 killer bees
  3 howler monkeys (D:9)
  12 wights
  5 centaur zombies
  2 bullfrog zombies (D:6)
  Crazy Yiuf (D:3)
  9 orc priests
  A gnoll shaman (D:6)
  3 hounds
  A centaur skeleton (D:7)
  An iguana (D:4)
  10 orc wizards
  A killer bee zombie (D:7)
  2 hound skeletons (D:4)
  Robin (D:3)
  18 gnolls
  10 adders
  3 shadow imps
  A white imp (D:6)
  3 ufetubi
  A worm (D:2)
  An adder skeleton (D:4)
  3 dart slugs
  32 orcs
  15 ball pythons
  16 endoplasms
  18 giant cockroaches
  17 goblins
  15 hobgoblins
  12 jackals
  14 quokkas
  7 bats
  10 frilled lizards
  12 kobolds
  9 rats
448 creatures vanquished.

Vanquished Creatures (collateral kills)
  A skeletal warrior (D:14)
1 creature vanquished.

Vanquished Creatures (others)
  A goblin (D:3)
  14 fungi
  12 plants
27 creatures vanquished.

Grand Total: 476 creatures vanquished

Notes
Turn   | Place    | Note
-------+----------+-------------------------------------------
     0 | D:1      | boopmooplesden the Minotaur Fighter began the quest for the
                  | Orb.
     0 | D:1      | Reached XP level 1. HP: 19/19 MP: 0/0
   190 | D:1      | Reached XP level 2. HP: 27/27 MP: 1/1
   378 | D:1      | Reached skill level 3 in Axes
   538 | D:1      | Reached XP level 3. HP: 33/33 MP: 2/2
   663 | D:1      | Found a faded altar of an unknown god.
  1367 | D:3      | Reached XP level 4. HP: 34/40 MP: 3/3
  1375 | D:3      | Reached skill level 4 in Axes
  1376 | D:3      | HP: 2/40 [gnoll/+0 spear (4)]
  1422 | D:3      | Noticed Sigmund
  1427 | D:3      | Noticed Grinder
  1685 | D:3      | Killed Sigmund
  1686 | D:3      | Reached skill level 5 in Axes
  1686 | D:3      | Reached skill level 1 in Dodging
  1686 | D:3      | Reached XP level 5. HP: 4/47 MP: 4/4
  1742 | D:3      | Found a glowing drain.
  1762 | D:3      | Reached XP level 6. HP: 10/53 MP: 5/5
  1778 | Sewer    | Entered a sewer
  2355 | Sewer    | Reached skill level 5 in Fighting
  2541 | D:3      | Reached skill level 6 in Axes
  2572 | D:3      | Paralysed by Grinder for 4 turns
  2590 | D:3      | Paralysed by Grinder for 4 turns
  2598 | D:3      | Paralysed by Grinder for 3 turns
  2609 | D:3      | Killed Grinder
  2610 | D:3      | Reached skill level 5 in Armour
  2610 | D:3      | Reached XP level 7. HP: 42/61 MP: 6/6
  2821 | D:3      | Noticed Robin
  2833 | D:3      | Killed Robin
  3012 | D:3      | Reached skill level 7 in Axes
  3538 | D:3      | Found a runed translucent door.
  3539 | D:3      | Noticed Crazy Yiuf
  3549 | D:3      | Killed Crazy Yiuf
  4301 | D:4      | Reached skill level 5 in Shields
  4725 | D:4      | Found a staircase to the Ecumenical Temple.
  4737 | D:4      | Reached XP level 8. HP: 70/70 MP: 7/7
  4745 | Temple   | Entered the Ecumenical Temple
  4766 | Temple   | Became a worshipper of Trog the Wrathful
  4836 | D:4      | Found a broken altar of Ashenzari.
  5026 | D:5      | Entered Level 5 of the Dungeon
  5041 | D:5      | Reached skill level 8 in Axes
  5729 | D:6      | Reached skill level 9 in Axes
  6141 | D:6      | Noticed Prince Ribbit
  6166 | D:6      | Killed Prince Ribbit
  6167 | D:6      | Reached XP level 9. HP: 53/79 MP: 8/8
  6279 | D:6      | Noticed Menkaure
  6287 | D:6      | Killed Menkaure
  6288 | D:6      | Reached skill level 10 in Axes
  6523 | D:6      | Reached * piety under Trog
  7112 | D:7      | Found Dodusiv's Weapon Emporium.
  7159 | D:7      | Identified the +0 pair of boots "Avyiwe" {*Slow Will+
                  | Regen+}
  7171 | D:7      | Reached skill level 11 in Axes
  7990 | D:7      | Found a large runed translucent door.
  7990 | D:7      | Found a large runed translucent door.
  7994 | D:7      | Noticed JJisdabomb's ghost (novice TrFi)
  8776 | D:8      | Noticed Pikel
  8782 | D:8      | Killed Pikel
  8783 | D:8      | Reached skill level 12 in Axes
  8792 | D:8      | Reached XP level 10. HP: 70/88 MP: 9/9
  8800 | D:8      | Reached ** piety under Trog
  9122 | D:8      | Found a staircase to the Lair.
  9317 | D:8      | Reached skill level 13 in Axes
  9835 | D:9      | HP: 3/88 [troll (10)]
 10381 | D:9      | Noticed a cyan ugly thing
 10395 | D:9      | Killed a cyan ugly thing
 10396 | D:9      | Reached skill level 10 in Armour
 10557 | D:9      | Noticed a skeletal warrior
 10559 | D:9      | Noticed Grum
 10574 | D:9      | Killed a skeletal warrior
 10575 | D:9      | Reached skill level 14 in Axes
 10575 | D:9      | Reached XP level 11. HP: 97/97 MP: 10/10
 10575 | D:9      | Killed Grum
 10612 | D:9      | Noticed a wizard
 10619 | D:9      | Killed a wizard
 10624 | D:9      | Identified the +10 quick blade of Conflict {flame, *Corrode
                  | Str+5 Int-3 Dex+3}
 10624 | D:9      | Identified the +3 leather armour of the Flute {Str+3}
 10624 | D:9      | Identified the +7 dagger of Gozag's Supremacy {antimagic,
                  | +Blink Str+4 Dex-5}
 10652 | D:9      | Paralysed by a hornet for 3 turns
 11196 | D:10     | Entered Level 10 of the Dungeon
 11226 | D:10     | Reached *** piety under Trog
 11396 | D:10     | Noticed a two-headed ogre
 11400 | D:10     | Killed a two-headed ogre
 11490 | D:10     | Noticed a centaur warrior
 11499 | D:10     | Killed a centaur warrior
 11576 | D:10     | Reached skill level 10 in Fighting
 11576 | D:10     | Reached skill level 15 in Axes
 11619 | D:10     | Found a staircase to the Orcish Mines.
 12384 | D:11     | Found a runed translucent door.
 12385 | D:11     | Identified the +6 spear of the Jumping Augurer {freeze,
                  | Stlth+}
 12386 | D:11     | Noticed boopmooplesden's ghost (journeyman MiBe)
 12386 | D:11     | Noticed a spriggan rider
 12595 | D:11     | Killed boopmooplesden's ghost
 12708 | D:11     | Reached **** piety under Trog
 12770 | D:11     | Reached XP level 12. HP: 90/107 MP: 11/11
 12845 | D:12     | Noticed a two-headed ogre
 12854 | D:12     | Reached skill level 10 in Shields
 12858 | D:12     | Killed a two-headed ogre
 12995 | D:12     | Noticed a boulder beetle
 12998 | D:12     | Found Ufuweaju's Armour Boutique.
 13014 | D:12     | Killed a boulder beetle
 13015 | D:12     | Reached skill level 16 in Axes
 13424 | D:13     | Noticed a boulder beetle
 13442 | D:13     | Killed a boulder beetle
 13514 | D:13     | Noticed a two-headed ogre
 13522 | D:13     | Killed a two-headed ogre
 13693 | D:13     | Noticed a centaur warrior
 13700 | D:13     | Killed a centaur warrior
 13812 | D:13     | Noticed a catoblepas
 13824 | D:13     | Killed a catoblepas
 13967 | D:13     | Noticed a centaur warrior
 13976 | D:13     | Killed a centaur warrior
 14031 | D:13     | Noticed a centaur warrior
 14043 | D:13     | Killed a centaur warrior
 14083 | D:13     | Noticed a fire giant
 14096 | D:13     | Killed a fire giant
 14168 | D:13     | Noticed a centaur warrior
 14180 | D:13     | Killed a centaur warrior
 14289 | D:13     | Noticed a two-headed ogre
 14299 | D:13     | Killed a two-headed ogre
 14303 | D:13     | Reached XP level 13. HP: 80/118 MP: 12/12
 14465 | D:13     | Reached skill level 17 in Axes
 14610 | D:13     | Reached skill level 1 in Stealth
 14865 | D:13     | Found a gate to the Vaults.
 15333 | D:14     | Noticed Nessos
 15349 | D:14     | Killed Nessos
 15474 | D:14     | Reached skill level 1 in Polearms
 16123 | Lair:1   | Entered Level 1 of the Lair of Beasts
 16198 | Lair:1   | Slain by a cane toad

Illustrated notes

Levels and vault maps discovered:
D:1:      dpeg_arrival_water_fire, layout_loops_ring, basic_ecumenical_altar
D:2:      layout_rooms
D:3:      minmay_razor_zed, layout_basic, portal_sewer_entry_c,
          minmay_misc_feat_nine_boxes, amcnicky_mini_rare_corridor_liquid,
          uniq_grinder, uniq_robin, uniq_crazy_yiuf_cottage, uniq_sigmund
D:4:      layout_loops_corners, ashenzari_altar_1,
          minmay_temple_entry_glassed_door, minmay_fractal_squares_5
D:5:      layout_rooms, hex_intersection
D:6:      layout_loops_ring, supply_closet_lemuel, uniq_prince_ribbit1,
          uniq_menkaure
D:7:      layout_loops_ring, serial_shops, nicolae_inconvenience_store,
          serial_glass, glass_columns_a, glass_columns_c, item_on_display_a,
          feat_on_display, due_unseen_surprise, ebering_ghost_disaster_area,
          kennysheep_generic_room_6
D:8:      layout_basic, grunt_lair_entry_orc_guard_hut,
          minmay_misc_feat_pillars, uniq_pikel
D:9:      minmay_the_grid_plus [minmay_the_grid_slots,
          minmay_the_grid_spin_star, minmay_the_grid_stretched_grid,
          minmay_the_grid_expand, minmay_the_grid_prize_shrinking_boxes],
          layout_irregular_city, uniq_grum
D:10:     layout_roguey, minmay_orc_entry_guard_dogs
D:11:     layout_irregular_city, ebering_ghost_funeral_grove
D:12:     layout_rooms, serial_shops, nicolae_shop_statue_plus
D:13:     layout_stronghold, grunt_vaults_entry_tiered, minmay_misc_feat_iff,
          hangedman_corner_corridor
D:14:     layout_cave_pools, nicolae_wwwww, uniq_nessos
Temple:   nicolae_temple_the_god_donut
Lair:1:   layout_hall_layers, special_room [special_room_bee], minivault_11

Skill      XL: |  1  2  3  4  5  6  7  8  9 10 11 12 13 |
---------------+----------------------------------------+-----
Shields        | 4 5 6 7 9 11 12 | 12.5
Axes           | 3 5 6 7 9 12 14 15 16 17 | 17.4
Armour         | 4 5 6 8 10 11 12 13 | 13.8
Fighting       | 4 5 7 8 9 10 12 13 | 13.1
Dodging        | 1 2 3 |  3.7
Stealth        | 2 |  2.5
Polearms       | 4 |  4.4
Short Blades   | |  0.1

Action                   |  1- 3 |  4- 6 |  7- 9 | 10-12 | 13-15 || total
-------------------------+-------+-------+-------+-------+-------++-------
Melee: War axe           |    93 |   126 |   332 |   521 |    96 ||  1168
       Headbutt          |    10 |    14 |    45 |   115 |    50 ||   234
       Spear             |       |       |       |       |   129 ||   129
       Quick blade       |       |       |       |       |     6 ||     6
Invok: Berserk           |       |       |     2 |    15 |     6 ||    23
       Brothers in Arms  |       |       |       |       |     2 ||     2
Evoke: Condenser vane    |       |       |       |       |     1 ||     1
  Use: Potion            |       |     2 |       |       |     3 ||     5
       Scroll            |       |       |    14 |     6 |     2 ||    22
 Stab: Confused          |       |       |       |       |     4 ||     4
Armor: Scale mail        |    44 |    55 |    41 |       |       ||   140
       Plate armour      |       |       |   189 |   298 |   151 ||   638
Dodge: Dodged            |    53 |    86 |   151 |   139 |    94 ||   523
Block: Buckler           |    31 |    43 |   108 |    21 |       ||   203
       Kite shield       |       |       |       |   265 |   267 ||   532
       Reflection        |       |       |       |     3 |    11 ||    14
